 Dungeon Sprint DCSS version 0.26-a0-682-g294304f6e8 (webtiles) character file.

Game seed: 17178117863047800088

6560 TerrariaFan the Severer (level 10, -19/88 HPs)
             Began as a Demonspawn Fighter on Oct 21, 2020.
             Was the Champion of Yredelemnul.
             Demolished by a dire elephant (28 damage)
             ... in the Dungeon (Sprint IX: "|||||||||||||||||||||||||||||").
             The game lasted 00:01:59 (1238 turns).

TerrariaFan the Severer (Demonspawn Fighter)        Turns: 1238, Time: 00:02:00

Health: -19/88     AC: 15    Str: 19    XL:     10   Next: 70%
Magic:  0/10       EV:  9    Int: 10    God:    Yredelemnul [******]
Gold:   2          SH: 12    Dex: 13    Spells: 9/9 levels left

rFire    . . .     SeeInvis +   o - +14 obsidian axe {vorpal, +Fly SInv *Curse} (curse)
rCold    + . .     Faith    .   c - +0 kite shield
rNeg     . . .     Spirit   +   p - +1 chain mail
rPois    .         Reflect  .   (no helmet)
rElec    .         Harm     .   (no cloak)
rCorr    .         Rampage  .   (no gloves)
MR       .....     NoTele   +   (no boots)
Stlth    ..........             (no amulet)
HPRegen  0.24/turn              (no ring)
MPRegen  0.24/turn              (no ring)

@: mesmerised
A: hooves 1, molten scales 2, cold resistance 1, magic shield, magic
regeneration
a: Recall Undead Slaves, Injury Mirror, Animate Dead, Drain Life, Enslave Soul,
Renounce Religion, Evoke Flight


You were in the Dungeon.
You worshipped Yredelemnul.
Yredelemnul was exalted by your worship.
You visited 1 branch You collected 2 gold pieces.

Inventory:

Hand Weapons
 a - a +0 war axe
 o - the cursed +14 obsidian axe (weapon) {vorpal, +Fly SInv *Curse}
   (You found it in the Dungeon)

   It inflicts extra damage upon your enemies.
   It lets you see invisible.
   It lets you fly.
   It curses itself when equipped.
   It has a curse placed upon it.
Armour
 b - a +0 scale mail
 c - a +0 kite shield (worn)
 p - a +1 chain mail (worn)
Jewellery
 q - a +3 ring of dexterity
 r - a +3 ring of dexterity
Wands
 n - a wand of acid (10)
Scrolls
 j - 3 scrolls of blinking
 l - 4 scrolls of remove curse
 m - 2 scrolls of amnesia
 s - 4 scrolls of enchant weapon
 t - a scroll of fear
Potions
 d - 2 potions of might
 e - 5 potions of curing
 f - 4 potions of heal wounds
 g - 3 potions of haste
 h - 4 potions of magic
 i - 2 potions of berserk rage
 k - a potion of invisibility


   Skills:
 + Level 11.4 Fighting
 + Level 15.2 Axes
 + Level 9.7 Armour
 + Level 5.8 Dodging
 + Level 0.6 Stealth
 + Level 10.5 Shields


You had 9 spell levels left.
You didn't know any spells.
Your spell library contained the following spells:

 Spells                   Type           Power        Failure   Level
 Summon Lightning Spire   Summ/Air       #.......     100%        4
 Silence                  Hex/Air        #.........   100%        5
 Conjure Ball Lightning   Conj/Air       #.........   100%        6
 Tornado                  Air            #.........   100%        9


Dungeon Overview and Level Annotations

Branches:
Dungeon (1/1)

Altars:
Cheibriados
Dithmenos
Elyvilon
Fedhas
Gozag
Hepliaklqana
Kikubaaqudgha
Makhleb
Nemelex Xobeh
Okawaru
Qazlal
Ru
Sif Muna
Trog
Uskayaw
Vehumet
Wu Jian
Xom
Yredelemnul
Zin
The Shining One
Beogh
Jiyva
Lugonu


Innate Abilities, Weirdness & Mutations

You have large cloven feet.
You are mostly covered in molten scales. (AC +3)
Your flesh is cold resistant. (rC+)
When hurt, damage is shared between your health and your magic reserves.
You regenerate magic rapidly.


Message History

The dire elephant is almost dead.
You block the dire elephant's attack. The dire elephant trunk-slaps you!
* * * LOW HITPOINT WARNING * * *
You slash the dire elephant!
You break out of your daze!
You kill the dire elephant!
Yredelemnul accepts your kill.
Your Axes skill increases to level 15!
Visions of slaying the dire elephant flood into your mind.
You slice the dire elephant!!
You kick the dire elephant, but do no damage.
The dire elephant is moderately wounded.
You block the dire elephant's attack. The dire elephant trunk-slaps you!
* * * LOW HITPOINT WARNING * * *
You hit the dire elephant.
You kick the dire elephant, but do no damage.
The dire elephant is moderately wounded.
The dire elephant tramples you!!
You die...
Your body rises from the dead as a mindless zombie.

▓▓▓▓▓▓▓▓▓▓▓▓▓▓▓▓▓▓▓▓▓▓▓▓▓▓▓▓▓▓▓▓▓
________________'..).[[...)......
▓▓▓▓▓▓▓▓▓▓▓▓▓▓▓▓▓▓▓▓▓▓▓▓▓▓▓▓▓▓▓▓▓
.................................
▓▓▓▓▓▓▓▓▓▓▓▓▓▓▓▓▓▓▓▓▓▓▓▓▓▓▓▓▓▓▓▓▓
.†..z.†....zzzW4@YYY.YYY
▓▓▓▓▓▓▓▓▓▓▓▓▓▓▓▓▓▓▓▓▓▓▓▓


You could see 2 dire elephants, 4 elephants, a friendly ice devil (summoned), a
friendly wraith, a friendly flying skull and 2 friendly wights.

Vanquished Creatures
  A dire elephant (D)
  A two-headed ogre (D)
  A torpor snail (D)
  3 cane toads (D)
  3 rime drakes (D)
  3 komodo dragons (D)
  2 polar bears (D)
  A tengu conjurer (D)
  A troll (D)
  A wyvern (D)
  A vampire (D)
  A basilisk (D)
  2 water moccasins (D)
  A black bear (D)
  A necrophage (D)
  3 bullfrogs (D)
  An orc wizard (D)
  A worker ant (D)
  An ufetubus (D)
  An adder skeleton (D)
  An orc (D)
  2 giant cockroaches (D)
  A goblin (D)
  2 jackals (D)
  A frilled lizard (D)
  A jackal skeleton (D)
38 creatures vanquished.

Vanquished Creatures (collateral kills)
  An ugly thing (D)
  A blink frog (D)
  A worker ant (D)
3 creatures vanquished.

Vanquished Creatures (others)
  A mummy (D)
1 creature vanquished.

Grand Total: 42 creatures vanquished

Notes
Turn   | Place    | Note
-------+----------+-------------------------------------------
     0 | D        | TerrariaFan the Demonspawn Fighter began the quest for the
                  | Orb.
     0 | D        | Reached XP level 1. HP: 18/18 MP: 1/1
    34 | D        | Noticed a worker ant
    34 | D        | Noticed an orc wizard
    42 | D        | Reached skill level 2 in Axes
    42 | D        | Gained mutation: You are partially covered in molten
                  | scales. (AC +2) [demonic ancestry]
    42 | D        | Reached XP level 2. HP: 13/25 MP: 2/2
    54 | D        | Reached skill level 3 in Axes
    54 | D        | Gained mutation: Your flesh is cold resistant. (rC+)
                  | [demonic ancestry]
    54 | D        | Reached XP level 3. HP: 15/31 MP: 3/3
    59 | D        | Reached skill level 1 in Dodging
   321 | D        | Found a roughly hewn altar of Beogh.
   321 | D        | Found a snail-covered altar of Cheibriados.
   321 | D        | Found a shadowy altar of Dithmenos.
   321 | D        | Found a white marble altar of Elyvilon.
   321 | D        | Found a blossoming altar of Fedhas.
   321 | D        | Found an opulent altar of Gozag.
   322 | D        | Found a hazy altar of Hepliaklqana.
   323 | D        | Found a viscous altar of Jiyva.
   324 | D        | Found an ancient bone altar of Kikubaaqudgha.
   325 | D        | Found a corrupted altar of Lugonu.
   326 | D        | Found a burning altar of Makhleb.
   327 | D        | Found a sparkling altar of Nemelex Xobeh.
   328 | D        | Found an iron altar of Okawaru.
   329 | D        | Found a stormy altar of Qazlal.
   330 | D        | Found a sacrificial altar of Ru.
   331 | D        | Found a shimmering blue altar of Sif Muna.
   332 | D        | Found a bloodstained altar of Trog.
   333 | D        | Found a hide-covered altar of Uskayaw.
   334 | D        | Found a radiant altar of Vehumet.
   335 | D        | Found an ornate altar of the Wu Jian Council.
   336 | D        | Found a shimmering altar of Xom.
   337 | D        | Found a basalt altar of Yredelemnul.
   338 | D        | Found a glowing silver altar of Zin.
   339 | D        | Found a glowing golden altar of the Shining One.
   347 | D        | Became a worshipper of Yredelemnul the Dark
   351 | D        | Found the +14 obsidian axe {vorpal, +Fly SInv *Curse}
   387 | D        | Noticed a water moccasin
   387 | D        | Noticed a water moccasin
   387 | D        | Noticed a vampire
   387 | D        | Noticed a necrophage
   396 | D        | Killed a water moccasin
   396 | D        | Reached skill level 5 in Fighting
   396 | D        | Reached skill level 5 in Axes
   396 | D        | Reached skill level 5 in Shields
   396 | D        | Gained mutation: When hurt, damage is shared between your
                  | health and your magic reserves. [demonic ancestry]
   396 | D        | Reached XP level 4. HP: 35/39 MP: 4/4
   396 | D        | Reached XP level 5. HP: 41/45 MP: 5/5
   399 | D        | Killed a water moccasin
   399 | D        | Reached skill level 7 in Axes
   399 | D        | Reached skill level 5 in Armour
   399 | D        | Gained mutation: You are mostly covered in molten scales.
                  | (AC +3) [demonic ancestry]
   399 | D        | Reached XP level 6. HP: 48/52 MP: 6/6
   401 | D        | Reached * piety under Yredelemnul
   404 | D        | Killed a vampire
   404 | D        | Reached skill level 8 in Axes
   407 | D        | Reached ** piety under Yredelemnul
   415 | D        | Noticed a cyan ugly thing
   415 | D        | Noticed a troll
   415 | D        | Noticed a two-headed ogre
   415 | D        | Noticed a tengu conjurer
   418 | D        | Reached skill level 9 in Axes
   418 | D        | Reached XP level 7. HP: 48/60 MP: 7/7
   420 | D        | Killed a cyan ugly thing
   420 | D        | Reached skill level 10 in Axes
   423 | D        | Killed a troll
   423 | D        | Reached *** piety under Yredelemnul
   423 | D        | Gained mutation: You regenerate magic rapidly. [demonic
                  | ancestry]
   423 | D        | Reached XP level 8. HP: 31/68 MP: 5/8
   428 | D        | Killed a two-headed ogre
   428 | D        | Reached skill level 11 in Axes
   442 | D        | Killed a tengu conjurer
   442 | D        | Reached skill level 12 in Axes
   442 | D        | Reached skill level 5 in Dodging
   794 | D        | Noticed a komodo dragon
   794 | D        | Noticed a rime drake
   794 | D        | Noticed a cane toad
   794 | D        | Noticed a rime drake
   794 | D        | Noticed a komodo dragon
   794 | D        | Noticed a cane toad
   797 | D        | Noticed a komodo dragon
   798 | D        | Killed a komodo dragon
   798 | D        | Gained mutation: You have large cloven feet. [demonic
                  | ancestry]
   798 | D        | Reached XP level 9. HP: 76/76 MP: 9/9
   798 | D        | Received a gift from Yredelemnul (a wight)
   800 | D        | Killed a rime drake
   800 | D        | Reached **** piety under Yredelemnul
   802 | D        | Killed a cane toad
   802 | D        | Reached skill level 13 in Axes
   802 | D        | Received a gift from Yredelemnul (a wight)
   802 | D        | Noticed a polar bear
   804 | D        | Killed a rime drake
   804 | D        | Received a gift from Yredelemnul (a mummy)
   810 | D        | Killed a komodo dragon
   812 | D        | Killed a cane toad
   816 | D        | Killed a komodo dragon
   816 | D        | Reached skill level 10 in Fighting
   818 | D        | Reached XP level 10. HP: 50/85 MP: 7/10
   822 | D        | Reached ***** piety under Yredelemnul
   822 | D        | Reached skill level 14 in Axes
   822 | D        | Received a gift from Yredelemnul (a flying skull)
  1077 | D        | Noticed a cane toad
  1088 | D        | Noticed a torpor snail
  1090 | D        | Reached skill level 10 in Shields
  1093 | D        | Killed a cane toad
  1100 | D        | Killed a torpor snail
  1101 | D        | Received a gift from Yredelemnul (a wraith)
  1225 | D        | Noticed an elephant
  1225 | D        | Noticed a dire elephant
  1225 | D        | Noticed a dire elephant
  1225 | D        | Noticed an elephant
  1225 | D        | Noticed a dire elephant
  1225 | D        | Noticed an elephant
  1226 | D        | Noticed an elephant
  1236 | D        | Killed a dire elephant
  1236 | D        | Reached ****** piety under Yredelemnul
  1236 | D        | Reached skill level 15 in Axes
  1238 | D        | Demolished by a dire elephant

Illustrated notes

Levels and vault maps discovered:
D:        linesprint [early_d, line_temple, items_1, d_10, items_2, lair_1,
          lair_end, items_3, orc_1, orc_end, items_4, d_15, swamp_1, shoals_1,
          snake_1, spider_1, d_20, vaults_1, items_5, swamp_end, shoals_end,
          snake_end, spider_end, vaults_end, d_27, items_6, zot_1, zot_end,
          crypt_end, forest_end, elf_end, slime_end, tomb_end, abyss_end,
          pan_hell_end]

Skill      XL: |  1  2  3  4  5  6  7  8  9 10 |
---------------+-------------------------------+-----
Armour         | 3 4 5 6 7 9 |  9.7
Shields        | 3 4 5 6 7 8 9 10 | 10.5
Axes           | 2 3 5 7 9 10 12 13 15 | 15.2
Fighting       | 4 5 6 7 9 10 11 | 11.4
Dodging        | 2 3 4 5 |  5.8
Stealth        | |  0.6

Action                   |  1- 3 |  4- 6 |  7- 9 | 10-12 || total
-------------------------+-------+-------+-------+-------++-------
Melee: War axe           |    55 |       |       |       ||    55
       Broad axe         |     9 |    14 |    44 |    39 ||   106
       Kick              |       |       |     6 |    18 ||    24
  Use: Potion            |       |       |     1 |       ||     1
Armor: Scale mail        |    33 |       |       |       ||    33
       Chain mail        |     6 |    11 |    15 |    16 ||    48
Dodge: Dodged            |    20 |     2 |    12 |     9 ||    43
Block: Kite shield       |    47 |     5 |    26 |    19 ||    97

Table legend: (Time is in decaauts)
 A = Elapsed time spent in this place.
 B = Non-inter-level travel time spent in this place.
 C = Inter-level travel time spent in this place.
 D = Time resting spent in this place.
 E = Time spent auto-exploring this place.
 F = Levels seen in this place.
 G = Mean time per level.
                   A        B        C        D        E       F      G
               +--------+--------+--------+--------+--------+-----+--------+
         Total |   1277 |   1277 |      0 |    607 |    329 |   1 | 1277.0 |
       Dungeon |   1277 |   1277 |      0 |    607 |    329 |   1 | 1277.0 |
               +--------+--------+--------+--------+--------+-----+--------+

Top non-repeatable levels by time:
       D: 1277 daAuts
